 Dungeon Crawl Stone Soup version 0.28.0-53-g5a82cb258f (webtiles) character file.

Game seed: 2463807078612114341

41 nshep25 the Ducker (level 3, 0/17 HPs)
             Began as a Felid Monk on July 15, 2022.
             Slain by an adder (1 damage)
             ... on level 2 of the Dungeon.
             The game lasted 00:03:51 (1205 turns).

nshep25 the Ducker (Felid Monk)                     Turns: 1205, Time: 00:03:52

Health: 0/17       AC:  1    Str:  7    XL:     3   Next: 32%
Magic:  4/4        EV: 20    Int: 11    God:
Gold:   54         SH:  0    Dex: 20    Spells: 2/2 levels left
                                        Lives:  0   Deaths: 0

rFire   . . .      SeeInvis +     - Unarmed
rCold   . . .      Faith    .   (shield unavailable)
rNeg    . . .      Spirit   .   (armour unavailable)
rPois   .          Reflect  .   (helmet unavailable)
rElec   .          Harm     .   (cloak unavailable)
rCorr   .          Rampage  .   (gloves unavailable)
Will    .....                   (boots unavailable)
Stlth   +++.......              (no amulet)
HPRegen 0.05/turn               (no ring)
MPRegen 0.09/turn               (no ring)

@: quick
A: very small, claws 1, fangs 3, see invisible, speed 1, shaggy fur 1, stealthy
paws, no weapons or thrown items, no armour, multi-lived
a: no special abilities


You were on level 2 of the Dungeon.
You visited 1 branch of the dungeon, and saw 2 of its levels.

You collected 54 gold pieces.

Inventory:

Scrolls
 a - a scroll of magic mapping {unknown}
Potions
 b - a potion of lignification {unknown}


   Skills:
 + Level 3.4 Fighting
 + Level 4.6 Dodging
 + Level 2.8 Stealth
 + Level 3.6 Unarmed Combat


You had 2 spell levels left.
You didn't know any spells.
Your spell library contained the following spells:

 Spells                   Type           Power      Damage    Failure   Level
 Conjure Flame            Conj/Fire      0%         6-21      71%         3
 Ignite Poison            Fire/Tmut/Pois 0%         N/A       71%         3
 Sticky Flame             Conj/Fire      0%         2d3       98%         4


Dungeon Overview and Level Annotations

Branches:
Dungeon (2/15)

Altars:


Innate Abilities, Weirdness & Mutations

You have sharp claws.
You have razor-sharp teeth.
You have supernaturally acute eyesight. (SInv)
You cover ground quickly. (Speed+)
You are covered in fur. (AC +1)
Your paws help you pounce on unaware monsters.
You are incapable of wielding weapons or throwing items.
You cannot wear armour.
You gain extra lives every three experience levels.


Message History

You kill the giant cockroach!
An adder comes into view.
The adder hisses angrily.
You see here a giant cockroach corpse.
You see here a Young Poisoner's Handbook.
A bat comes into view.
The worm misses you.
You scratch the worm.
The worm is moderately wounded.
You scratch the worm but do no damage.
The worm is moderately wounded.
The worm bites you!
Ouch! That really hurt!
You scratch the worm. You bite the worm.
The worm is heavily wounded.
You scratch the worm.
The worm is severely wounded.
The worm bites you.
* * * LOW HITPOINT WARNING * * *
You scratch the worm.
The worm is almost dead.
The adder misses you. The adder closely misses you.
You completely miss the worm.
The worm is almost dead.
The worm completely misses you. The adder misses you.
You scratch the worm.
The worm is almost dead.
The adder bites you.
* * * LOW HITPOINT WARNING * * *
The worm closely misses you.
You scratch the worm.
The worm is almost dead.
The adder bites you but does no damage.
You scratch the worm.
The worm is almost dead.
The adder misses you. The worm closely misses you.
You barely miss the worm. Your bite misses the worm.
The worm is almost dead.
The adder bites you.
You die...

#.......#.. #.......... ..
#.......... ... #$........
.... #.......#
#...###.......#..
....................#
........w@..........## #
.......:S............ ..
.......†...........#####.#
..........................
.........................#
...#####..................
... #............<....# .b
#.......##.#......#
#.......##.#......#


You could see a worm and an adder.

Vanquished Creatures
  2 gnolls (D:1)
  2 ball pythons (D:1)
  An endoplasm (D:1)
  4 giant cockroaches
  3 goblins (D:1)
  3 kobolds (D:1)
  3 bats (D:1)
  A frilled lizard (D:1)
  3 rats (D:1)
22 creatures vanquished.

Notes
Turn   | Place    | Note
-------+----------+-------------------------------------------
     0 | D:1      | nshep25 the Felid Monk began the quest for the Orb.
     0 | D:1      | Reached XP level 1. HP: 10/10 MP: 2/2
    70 | D:1      | Reached XP level 2. HP: 6/14 MP: 3/3
   535 | D:1      | Reached XP level 3. HP: 15/17 MP: 4/4
  1205 | D:2      | Slain by an adder

Illustrated notes

Levels and vault maps discovered:
D:1:      nicolae_arrival_washed_ashore, layout_rooms
D:2:      kb_forest_paths, layout_basic, nicolae_ecumenical_lake_church,
          minmay_pentomino_s4

Action                   || total
-------------------------++-------
Melee: Unarmed           ||    74
       Bite              ||     6
       Punch             ||     1
Armor: Skin              ||     4
Dodge: Dodged            ||    68
